 Dungeon Sprint DCSS version 0.29.1-2-gbd0b4ee654 (webtiles) character file.

Game seed: 3837728510848222526

2093 Zeld the Severer (level 9, -6/90 HPs)
             Began as a Minotaur Berserker on Oct 28, 2022.
             Was a High Priest of Trog.
             Mangled by a hornet (14 damage)
             ... in the Dungeon (Sprint II: "The Violet Keep of Menkaure").
             The game lasted 00:01:52 (808 turns).

Zeld the Severer (Minotaur Berserker)                Turns: 808, Time: 00:01:53

Health: -6/90      AC:  4    Str: 25    XL:     9   Next: 7%
Magic:  8/8        EV: 17    Int:  3    God:    Trog [*****.]
Gold:   38         SH:  5    Dex: 14    Spells: 8/8 levels left

rFire   . . .      SeeInvis .   a - +0 hand axe
rCold   . . .      Faith    .   (no shield)
rNeg    . . .      Spirit   .   b - +0 animal skin
rPois   +          Reflect  +   k - +2 hat
rElec   .          Harm     .   (no cloak)
rCorr   .          Rampage  .   (no gloves)
Will    .....      NoTele   +   (no boots)
Stlth   +.........              i - amulet of reflection
HPRegen 0.25/turn               j - ring of poison resistance
MPRegen 0.11/turn               (no ring)

@: lethally poisoned (-6 -> -13), on berserk cooldown, slowed, unable to read,
very slow
A: horns 2, retaliatory headbutt, agile 1, deformed body, inability to read
after injury 1
a: Renounce Religion, Berserk, Trog's Hand, Brothers in Arms


You were in the Dungeon.
You worshipped Trog.
Trog was extremely pleased with you.
You visited 1 branch You collected 972 gold pieces.
You spent 934 gold pieces at shops.

Inventory:

Hand Weapons
 a - a +0 hand axe (weapon)
Armour
 b - a +0 animal skin (worn)
 k - a +2 hat (worn)
Jewellery
 i - an amulet of reflection (around neck)
 j - a ring of poison resistance (left hand)
Scrolls
 h - 2 scrolls of blinking
Potions
 c - a potion of curing
 d - a potion of heal wounds
 e - a potion of haste
 f - 2 potions of magic
 g - a potion of berserk rage
 l - a potion of might


   Skills:
 + Level 11.6 Fighting
 * Level 15.6 Axes
 + Level 11.3 Armour
 + Level 10.4 Dodging


You had 8 spell levels left.
You didn't know any spells.
Your spell library was empty.

Dungeon Overview and Level Annotations

Branches:
Dungeon (1/1)

Altars:
Dithmenos
Elyvilon
Fedhas
Gozag
Kikubaaqudgha
Makhleb
Nemelex Xobeh
Okawaru
Qazlal
Ru
Sif Muna
Trog
Uskayaw
Vehumet
Wu Jian
Xom
Yredelemnul
Zin
The Shining One
Jiyva
Lugonu

Shops:
D !::[[=!*=*[(:(?

Annotations:
D exclusion: oklob plant


Innate Abilities, Weirdness & Mutations

You have a pair of horns on your head.
You reflexively headbutt those who attack you in melee.
You are agile. (Dex +4, Str/Int -1)
Armour fits poorly on your strangely shaped body.
You occasionally lose the ability to read scrolls when taking damage.


Message History

You hit the polar bear but do no damage.
Your headbutt misses the polar bear.
The polar bear is almost dead.
Unknown command.
You hit the polar bear.
You kill the polar bear!
Trog accepts your kill.
You have reached level 9!
Your experience leads to an increase in your attributes!
Your base attributes are Str 24, Int 4, Dex 10.
Increase (S)trength, (I)ntelligence, or (D)exterity?
You feel stronger. x2
Unknown command.
You closely miss the hornet. The hornet stings you!
You hit the hornet. You headbutt the hornet.
The hornet is lightly wounded.
Unknown command.
You barely miss the hornet. Your headbutt misses the hornet.
The hornet is lightly wounded.
The hornet stings you!
* * * LOW HITPOINT WARNING * * *
You suddenly lose the ability to move!
You are no longer berserk.
You feel yourself slow down. The hornet stings you.
* * * LOW HITPOINT WARNING * * *
The hornet stings you.
* * * LOW HITPOINT WARNING * * *
The hornet stings you!
* * * LOW HITPOINT WARNING * * *
You are lethally poisoned!
* * * LOW HITPOINT WARNING * * *
You feel very sick. The hornet completely misses you.
You can move again.
Unknown command.
You feel better. The hornet stings you!
* * * LOW HITPOINT WARNING * * *
You are poisoned.
The hornet stings you!
You die...

.. +##.. #.##.#### +.###
##.# ...# ...# ##
#.####..## #..# .#
'###.##..# +..# .#
.##...#..# #..# c#
<.'.##'..####..##y# $
.##...#....###.^@##▓▓▓▓
'###.##..§.§.~~~~~~~~~~~
).####~~.§..§§#+########
#..#~~~~§~§..~#_._._...#
..##~~~§~~§~.~#._._._._#
'##~~~≈§§~~~~~#_._._._.#
~~~~~~~≈§≈§~~~#._._._._#
#+++#~≈§≈≈≈≈≈~#.._._._.#
... ##≈≈§###≈≈#..._._._


You could see a yaktaur and a hornet.

Vanquished Creatures
  A merfolk siren (D)
  2 polar bears (D)
  A blink frog (D)
  2 wyverns (D)
  4 neqoxecs (D)
  Menkaure (D)
  4 necrophages (D)
15 creatures vanquished.

Vanquished Creatures (others)
  A water moccasin (D)
1 creature vanquished.

Grand Total: 16 creatures vanquished

Notes
Turn   | Place    | Note
-------+----------+-------------------------------------------
     0 | D        | Zeld the Minotaur Berserker began the quest for the Orb.
     0 | D        | Reached XP level 1. HP: 19/19 MP: 0/0
     1 | D        | Noticed a wyvern
     1 | D        | Noticed a wyvern
     4 | D        | Killed a wyvern
     5 | D        | Reached skill level 8 in Axes
     5 | D        | Reached skill level 5 in Armour
     5 | D        | Reached skill level 5 in Dodging
     5 | D        | Reached XP level 2. HP: 18/31 MP: 1/1
     5 | D        | Reached XP level 3. HP: 23/38 MP: 2/2
     5 | D        | Reached XP level 4. HP: 27/45 MP: 3/3
     5 | D        | Reached XP level 5. HP: 30/51 MP: 4/4
     7 | D        | Killed a wyvern
     8 | D        | Reached skill level 10 in Axes
     8 | D        | Reached XP level 6. HP: 37/61 MP: 5/5
   189 | D        | Reached ** piety under Trog
   195 | D        | Reached skill level 11 in Axes
   202 | D        | Reached XP level 7. HP: 69/69 MP: 6/6
   297 | D        | Noticed a merfolk siren
   304 | D        | Killed a merfolk siren
   304 | D        | Reached *** piety under Trog
   305 | D        | Reached skill level 13 in Axes
   335 | D        | Noticed a neqoxec
   335 | D        | Noticed a neqoxec
   335 | D        | Noticed a neqoxec
   335 | D        | Noticed a neqoxec
   335 | D        | Lost intelligence.
   341 | D        | Killed a neqoxec
   341 | D        | Gained mutation: You sometimes lose your temper in combat.
                  | [a neqoxec]
   342 | D        | Reached skill level 10 in Fighting
   344 | D        | Killed a neqoxec
   345 | D        | Reached XP level 8. HP: 80/80 MP: 7/7
   352 | D        | Reached **** piety under Trog
   353 | D        | Reached skill level 14 in Axes
   353 | D        | Reached skill level 10 in Armour
   355 | D        | Gained mutation: You are agile. (Dex +4, Str/Int -1) [a
                  | neqoxec]
   357 | D        | Gained mutation: Armour fits poorly on your strangely
                  | shaped body. [a neqoxec]
   358 | D        | Lost mutation: You sometimes lose your temper in combat. [a
                  | neqoxec]
   359 | D        | Gained mutation: You occasionally lose the ability to read
                  | scrolls when taking damage. [a neqoxec]
   477 | D        | Noticed an obsidian statue
   483 | D        | Found Cygokk's Antique Armour Emporium.
   485 | D        | Found Maocru's Jewellery Emporium.
   485 | D        | Found Seucayni's Assorted Antiques.
   486 | D        | Found Zulacab's Distillery.
   486 | D        | Found Cope's Magic Scroll Emporium.
   486 | D        | Found Giomulez's General Store.
   487 | D        | Found Waiju's Jewellery Shoppe.
   487 | D        | Found Ivyruojuargh's Book Emporium.
   487 | D        | Found Voiso's Antique Weapon Shoppe.
   488 | D        | Found Ithrietidgh's Weapon Shoppe.
   490 | D        | Noticed Menkaure
   501 | D        | Killed Menkaure
   573 | D        | Noticed a blink frog
   585 | D        | Killed a blink frog
   586 | D        | Reached skill level 15 in Axes
   701 | D        | Found Peef's Antique Armour Emporium.
   701 | D        | Found Uchoim's Antique Armour Shoppe.
   701 | D        | Noticed an oklob plant
   702 | D        | Found Tiudeg's Book Shoppe.
   702 | D        | Found Beibe's Book Shoppe.
   702 | D        | Found Vycech's Distillery.
   703 | D        | Noticed a shining eye
   703 | D        | Noticed a shining eye
   706 | D        | Bought an amulet of reflection for 300 gold pieces
   713 | D        | Bought a ring of poison resistance for 280 gold pieces
   716 | D        | Bought an embroidered hat for 182 gold pieces
   727 | D        | Bought a potion of might for 40 gold pieces
   732 | D        | Bought a potion of curing for 42 gold pieces
   742 | D        | Bought a scroll of blinking for 90 gold pieces
   772 | D        | Found an iron altar of Okawaru.
   772 | D        | Found an opulent altar of Gozag.
   773 | D        | Found a sparkling altar of Nemelex Xobeh.
   773 | D        | Found a blossoming altar of Fedhas.
   774 | D        | Found a radiant altar of Vehumet.
   774 | D        | Found a burning altar of Makhleb.
   774 | D        | Found a white marble altar of Elyvilon.
   775 | D        | Found a hide-covered altar of Uskayaw.
   775 | D        | Found a corrupted altar of Lugonu.
   775 | D        | Found a shadowy altar of Dithmenos.
   776 | D        | Found a glowing silver altar of Zin.
   776 | D        | Found a bloodstained altar of Trog.
   776 | D        | Found an ancient bone altar of Kikubaaqudgha.
   777 | D        | Found a basalt altar of Yredelemnul.
   777 | D        | Found a shimmering blue altar of Sif Muna.
   777 | D        | Found a viscous altar of Jiyva.
   778 | D        | Found a shimmering altar of Xom.
   778 | D        | Found a sacrificial altar of Ru.
   779 | D        | Found a glowing golden altar of the Shining One.
   779 | D        | Found an ornate altar of the Wu Jian Council.
   779 | D        | Found a stormy altar of Qazlal.
   779 | D        | Noticed a polar bear
   779 | D        | Noticed a polar bear
   782 | D        | Noticed a hornet
   796 | D        | Killed a polar bear
   796 | D        | Reached ***** piety under Trog
   797 | D        | Reached skill level 10 in Dodging
   797 | D        | Noticed a yaktaur
   797 | D        | Noticed a polar bear
   801 | D        | Killed a polar bear
   802 | D        | Reached XP level 9. HP: 60/90 MP: 8/8
   804 | D        | Paralysed by a hornet for 3 turns
   808 | D        | Mangled by a hornet

Illustrated notes

Levels and vault maps discovered:
D:        the_violet_keep_of_menkaure [sprint2_stairs_cluster_1,
          sprint2_shoproom, sprint2_temple, sprint2_basic_supplies,
          sprint2_obstacle_3, sprint2_obstacle_2, sprint2_obstacle_6,
          sprint2_obstacle_7, sprint2_obstacle_4, sprint2_timed_cluster_1,
          sprint2_smallroom_cluster_1, sprint2_smallroom_final_cluster_1,
          sprint2_transparent_cluster_1, sprint2_second_timed_cluster_1,
          sprint2_sniper_area_1, sprint2_heavy_combat_area_1,
          sprint2_mutation_trap_area_1, sprint2_forest_area_1,
          sprint2_light_combat_area_1, sprint2_behind_water_1,
          sprint2_near_end_vault_1]

Skill      XL: |  1  2  3  4  5  6  7  8 |
---------------+-------------------------+-----
Fighting       | 6 7 8 10 11 | 11.6
Axes           | 8 10 11 13 15 | 15.6
Armour         | 5 7 8 9 11 | 11.3
Dodging        | 5 6 7 9 10 | 10.4

Action                   |  1- 3 |  4- 6 |  7- 9 || total
-------------------------+-------+-------+-------++-------
Melee: Hand axe          |     2 |    15 |    66 ||    83
       Headbutt          |     1 |     2 |    13 ||    16
Invok: Berserk           |     1 |     1 |     5 ||     7
  Use: Potion            |       |       |     1 ||     1
Armor: Animal skin       |       |       |     1 ||     1
Dodge: Dodged            |       |     6 |    26 ||    32
Block: Other             |       |       |     6 ||     6
